 Dungeon Crawl Stone Soup version 0.26.0-15-gc6cd9f700b (webtiles) character file.

Game seed: 17115934973279269089

98 trckry the Insei (level 4, -1/35 HPs)
             Began as a Draconian Transmuter on Jan 15, 2021.
             Slain by a gnoll
             ... wielding a +0 club
              (3 damage)
             ... on level 3 of the Dungeon.
             The game lasted 00:02:09 (2042 turns).

trckry the Insei (Draconian Transmuter)             Turns: 2042, Time: 00:02:10

Health: -1/35      AC:  6    Str: 12    XL:     4   Next: 43%
Magic:  6/7        EV: 12    Int: 14    God:
Gold:   149        SH:  0    Dex: 12    Spells: 6/7 levels left

rFire    x . .     SeeInvis .     - Unarmed
rCold    + . .     Faith    .   (no shield)
rNeg     . . .     Spirit   .   (armour unavailable)
rPois    .         Reflect  .   (helmet currently unavailable)
rElec    .         Harm     .   (no cloak)
rCorr    .         Rampage  .   k - +0 pair of gloves
Will     .....                  (boots currently unavailable)
Stlth    +.........             (no amulet)
HPRegen  0.11/turn              a - ring of ice
MPRegen  0.10/turn              (no ring)

@: appendages
A: unfitting armour, horns 2, talons 2, cold-blooded, AC +5
a: End Transformation


You were on level 3 of the Dungeon.
You had grown temporary horns.
You had grown temporary talons.
You visited 1 branch of the dungeon, and saw 3 of its levels.

You collected 149 gold pieces.

Inventory:

Armour
 k - a +0 pair of gloves (worn)
Jewellery
 a - a ring of ice (left hand)
Scrolls
 c - 3 scrolls of teleportation {unknown}
 d - 2 scrolls of identify {unknown}
 g - 2 scrolls of fear {unknown}
 i - 3 scrolls of remove curse {unknown}
 j - a scroll of random uselessness {unknown}
Potions
 b - a potion of magic {unknown}
 e - a potion of invisibility {unknown}
 f - a potion of ambrosia {unknown}
 h - 2 potions of might {unknown}
 l - a potion of haste {unknown}


   Skills:
 - Level 1.1 Fighting
 - Level 1.7 Dodging
 * Level 4.3 Unarmed Combat
 - Level 2.0 Spellcasting
 * Level 3.6 Transmutations


You had 6 spell levels left.
You knew the following spells:

 Your Spells              Type           Power        Failure   Level
a - Beastly Appendage     Tmut           22%          5%          1

Your spell library contained the following spells:

 Spells                   Type           Power        Failure   Level
 Wereblood                Tmut           11%          9%          2
 Spider Form              Tmut/Pois      3%           34%         3
 Ice Form                 Ice/Tmut       9%           75%         4
 Blade Hands              Tmut           5%           83%         5


Dungeon Overview and Level Annotations

Branches:
Dungeon (3/15)

Altars:
Fedhas


Innate Abilities, Weirdness & Mutations

Your plain brown scales are hard. (AC +5)
You cannot fit into any form of body armour.
You are cold-blooded and may be slowed by cold attacks.
You have a pair of horns on your head.
You have razor-sharp toenails.


Message History

You grow a pair of large bovine horns.
Your feet morph into talons.
You climb downwards.
The gnoll hits you with a +0 club!
There is a stone staircase leading up, spattered with blood here.
You hit the gnoll.
Your tail-slap misses the gnoll.
The gnoll is heavily wounded.
The gnoll hits you but does no damage.
You barely miss the gnoll.
The gnoll is heavily wounded.
The gnoll hits you with a +0 club. The orc barely misses you.
The gnoll hits you from afar with a +0 halberd!
* * * LOW HITPOINT WARNING * * *
You hit the gnoll.
The gnoll is severely wounded.
The gnoll hits you with a +0 club.
* * * LOW HITPOINT WARNING * * *
The orc barely misses you.
You closely miss the gnoll. You claw the gnoll.
The gnoll is almost dead.
The gnoll misses you. The gnoll hits you with a +0 club.
You die...

.# #.# #.# #.# #.#
#.#
#######.###########.
#..g@og.............
#.#####.#####...##..
#..g.oo.....#
#####.......#
##../...# ##...##..
#.## # ##


You could see 2 gnolls and an orc.

Vanquished Creatures
  2 orc priests (D:2)
  2 adders (D:2)
  A leopard gecko (D:1)
  An orc (D:3)
  A hobgoblin (D:2)
  3 jackals (D:1)
  2 kobolds
  A bat (D:2)
  A frilled lizard (D:1)
  3 goblins
  4 rats
21 creatures vanquished.

Vanquished Creatures (others)
  6 fungi (D:2)
  2 plants (D:2)
8 creatures vanquished.

Grand Total: 29 creatures vanquished

Notes
Turn   | Place    | Note
-------+----------+-------------------------------------------
     0 | D:1      | trckry the Draconian Transmuter began the quest for the
                  | Orb.
     0 | D:1      | Reached XP level 1. HP: 16/16 MP: 3/3
   387 | D:1      | Reached XP level 2. HP: 23/23 MP: 3/5
   922 | D:2      | Found a blossoming altar of Fedhas.
   963 | D:2      | Reached XP level 3. HP: 20/28 MP: 2/6
  1462 | D:2      | HP: 2/28 [orc priest/+0 war axe (8)]
  1465 | D:2      | Reached skill level 4 in Unarmed Combat
  1774 | D:2      | Reached XP level 4. HP: 6/35 MP: 7/7
  2041 | D:3      | HP: 2/35 [gnoll/+0 club (5)]
  2042 | D:3      | Slain by a gnoll

Illustrated notes

Levels and vault maps discovered:
D:1:      matt_arrival_refuge, layout_loops_ring
D:2:      layout_basic, fedhas_altar_3
D:3:      layout_loops_ring, chequers_ecumenical_altar_simple, st_stairs_2,
          uniq_natasha

Skill      XL: |  1  2  3 |
---------------+----------+-----
Unarmed Combat | 4 |  4.3
Transmutations | 3 |  3.6
Fighting       | |  1.1
Dodging        | |  1.7
Spellcasting   | |  2.0

Action                   |  1- 3 |  4- 6 || total
-------------------------+-------+-------++-------
Melee: Unarmed           |    76 |     4 ||    80
       Kick              |    11 |     1 ||    12
       Headbutt          |     6 |       ||     6
       Tailslap          |     5 |       ||     5
 Cast: Beastly Appendage |    14 |     1 ||    15
Armor: Skin              |    18 |     1 ||    19
Dodge: Dodged            |    46 |     3 ||    49
